 Dungeon Crawl Stone Soup version 0.28.0-53-g5a82cb258f (webtiles) character file.

Game seed: 11740772301180358768

9 mcbry74 the Poker (level 2, -1/22 HPs)
             Began as a Merfolk Gladiator on June 27, 2022.
             Succumbed to a scorpion's poison
             ... on level 3 of the Dungeon.
             The game lasted 00:02:10 (1060 turns).

mcbry74 the Poker (Merfolk Gladiator)               Turns: 1060, Time: 00:02:11

Health: -1/22      AC:  4    Str: 14    XL:     2   Next: 12%
Magic:  2/2        EV: 12    Int:  7    God:
Gold:   11         SH:  3    Dex: 15    Spells: 1/1 levels left

rFire   . . .      SeeInvis .   a - +0 trident
rCold   . . .      Faith    .   j - +0 buckler
rNeg    . . .      Spirit   .   b - +0 leather armour
rPois   .          Reflect  .   c - +0 helmet
rElec   .          Harm     .   (no cloak)
rCorr   .          Rampage  .   (no gloves)
Will    .....                   (no boots)
Stlth   +.........              (no amulet)
HPRegen 0.07/turn               (no ring)
MPRegen 0.08/turn               (no ring)

@: lethally poisoned (-1 -> -16)
A: (nimble swimmer 2), mertail, high MP 1
a: no special abilities


You were on level 3 of the Dungeon.
You visited 1 branch of the dungeon, and saw 3 of its levels.

You collected 11 gold pieces.

Inventory:

Hand Weapons
 a - a +0 trident (weapon)
Missiles
 d - 3 throwing nets (quivered)
Armour
 b - a +0 leather armour (worn)
 c - a +0 helmet (worn)
 h - a +0 chain mail
 j - a +0 buckler (worn)
Scrolls
 e - a scroll of fog {unknown}
 f - a scroll of identify {unknown}
 k - a scroll of immolation {unknown}
Potions
 g - a potion of mutation
 i - a potion of brilliance {unknown}
 l - a potion of curing {unknown}


   Skills:
 - Level 2.1 Fighting
 + Level 5.3 Polearms
 - Level 2.0 Throwing
 - Level 4.0 Dodging


You had one spell level left.
You didn't know any spells.
Your spell library contained the following spells:

 Spells                   Type           Power      Damage    Failure   Level
 Sting                    Tmut/Pois      0%         1d3       63%         1
 Poisonous Vapours        Pois/Air       0%         N/A       77%         2
 Olgreb's Toxic Radiance  Pois           0%         N/A       100%        4


Dungeon Overview and Level Annotations

Branches:
Dungeon (2/15)

Altars:


Innate Abilities, Weirdness & Mutations

((You are very nimble when in or above water. (Stealth+, EV+, Speed+++)))
Your lower body shifts to a powerful aquatic tail in water.
You have an increased reservoir of magic. (+10% MP)


Message History

A sourceless malevolence fills the Dungeon...
You fall into a shaft and drop 1 floor!
The shaft crumbles and collapses.
Found a smoky ruby potion.
l - a smoky ruby potion HP restored.
Found an escape hatch in the floor.
A scorpion comes into view.
You reach to attack!
You hit the scorpion.
The scorpion is lightly wounded.
You barely miss the scorpion.
The scorpion is lightly wounded.
You block the scorpion's attack. x2
You hit the scorpion.
The scorpion is moderately wounded.
The scorpion stings you.
You are poisoned.
The scorpion poisons you!
You puncture the scorpion!
The scorpion is severely wounded.
You feel very sick. The scorpion stings you!
You are too injured to fight recklessly!
You are too injured to fight recklessly!
You are too injured to fight recklessly!
You are too injured to fight recklessly!
You barely miss the scorpion.
The scorpion is severely wounded.
You feel sick. The scorpion closely misses you. The scorpion stings you.
* * * LOW HITPOINT WARNING * * *
You are more poisoned.
The scorpion poisons you!
You hit the scorpion but do no damage.
The scorpion is severely wounded.
* * * LOW HITPOINT WARNING * * *
You feel very sick.
The scorpion stings you but does no damage.
It was a potion of mutation.
You feel extremely strange.
You feel clumsy.
You feel agile.
You feel more energetic.
You die...

# #..# ####.# #
#..##.$...# ##
##..#.# .# #..#.##
.## ##.##.# ..###
###..##.#
#...######...###.#
###........### #s#
# ########## #@# #
#.# # #.. # #### #


You could see a scorpion.

Vanquished Creatures
  An endoplasm (D:2)
  2 goblins (D:1)
  2 hobgoblins (D:1)
  2 kobolds (D:1)
7 creatures vanquished.

Notes
Turn   | Place    | Note
-------+----------+-------------------------------------------
     0 | D:1      | mcbry74 the Merfolk Gladiator began the quest for the Orb.
     0 | D:1      | Reached XP level 1. HP: 16/16 MP: 1/1
   404 | D:1      | Found a faded altar of an unknown god.
   747 | D:1      | Reached skill level 5 in Polearms
   814 | D:1      | Reached XP level 2. HP: 18/22 MP: 2/2
   992 | D:2      | You fall into a shaft and drop 1 floor!
  1047 | D:3      | Noticed a scorpion
  1060 | D:3      | Gained mutation: You are clumsy. (Dex -2) [potion of
                  | mutation]
  1060 | D:3      | Lost mutation: You are clumsy. (Dex -2) [potion of
                  | mutation]
  1060 | D:3      | Gained mutation: You have an increased reservoir of magic.
                  | (+10% MP) [potion of mutation]
  1060 | D:3      | Succumbed to a scorpion's poison

Illustrated notes

Levels and vault maps discovered:
D:1:      dpeg_arrival_arbitrary_a, layout_basic,
          shapermc_ecumenical_altar_ellora, serial_corexii_hall,
          corexii_hall_statues_u, chequers_hall_statues_corner_a,
          item_on_display_a
D:2:      layout_basic, minmay_bisected
D:3:      corexii_shack_village, layout_loops_ring,
          minmay_randomly_rotated_circles, uniq_robin

Skill      XL: |  1 |
---------------+----+-----
Polearms       | 5 |  5.3
Fighting       | |  2.1
Throwing       | |  2.0
Dodging        | |  4.0

Action                   || total
-------------------------++-------
Melee: Trident           ||    40
  Use: Potion            ||     1
 Stab: Sleeping          ||     1
Armor: Leather armour    ||     7
Dodge: Dodged            ||    16
Block: Buckler           ||     2
